Canadiens vs Avalanche
Created - 15 janvier 2017 at 00:30
Goals
|
| Canadiens |
2 |
3 |
1 |
6 |
| Avalanche |
0 |
2 |
2 |
4 |
|
Shots
|
| Canadiens |
13 |
9 |
14 |
36 |
| Avalanche |
15 |
10 |
9 |
34 |
|
1st period
1. Canadiens , Marc Savard 12 (Marek Svatos) at 2:31
2. Canadiens , Rene Bourque 4 (Torey Krug, Greg Stewart) at 14:54
Penalties :
Ryan Smyth (Col) for Interference (Minor) at 19:33
2nd period
3. Canadiens , Drew Miller 16 (Devin Setoguchi, Brooks Laich) at 1:15 (PP)
4. Canadiens , Patrick Sharp 9 (Marc Savard) at 1:29
5. Canadiens , Drew Miller 17 (Devin Setoguchi, Brooks Laich) at 5:37 (PP)
6. Avalanche , Paul Stastny 11 (Andrei Kostitsyn, Mike Comrie) at 13:14
7. Avalanche , Brandon Yip 3 (Pernell Karl Subban) at 15:14
Penalties :
Mikkel Boedker (Col) for Hooking (Minor) at 3:52, Corey Perry (Col) for High sticking (Double Minor) at 6:31
3rd period
8. Avalanche , Bryan Little 8 (Mikkel Boedker, Paul Stastny) at 1:39
9. Avalanche , Marc Staal 1 (Paul Stastny, Mikkel Boedker) at 4:16 (PP)
10. Canadiens , Drew Miller 18 (Dustin Boyd, Ladislav Smid) at 10:07
Penalties :
Drew Miller (Mon) for Hooking (Minor) at 2:18, Dan Boyle (Mon) for Roughing (Minor) at 2:42
Goalie Stats
Jonathan Bernier (Mon), 30 saves from 34 shots - (0,882), W, 13-9-5, 60:00 minutes
Dan Ellis (Col), 18 saves from 20 shots - (0,900), L, 7-7-3, 38:31 minutes
Semyon Varlamov (Col), 12 saves from 16 shots - (0,750), 21:29 minutes
Players Stats for Canadiens
Player Name G A P +/- PIM S H SB GA TA FO MP PP MP PK MP
------------------------------------------------------------------------------------
Andrei Loktionov 0 0 0 -1 0 0 0 0 0 0 9/13 11:23 0:00 0:00
Brooks Laich 0 2 2 0 0 3 0 1 0 0 7/16 16:48 3:08 0:00
Dan Boyle 0 0 0 0 2 0 2 0 0 1 0/0 19:25 4:52 0:23
Dennis Wideman 0 0 0 1 0 3 1 1 1 0 0/0 28:45 4:52 1:55
Devin Setoguchi 0 2 2 0 0 3 4 0 0 0 1/1 16:55 3:08 0:00
Drew Miller 3 0 3 0 2 4 1 1 3 1 2/2 17:01 3:11 0:00
Dustin Boyd 0 1 1 0 0 0 0 0 1 0 0/0 6:57 0:38 0:00
Evgeny Dadonov 0 0 0 0 0 0 1 0 1 0 0/0 6:20 0:01 0:00
Greg Stewart 0 1 1 -1 0 2 0 0 1 0 0/0 12:30 0:56 0:00
Jiri Fischer 0 0 0 0 0 1 1 1 0 0 0/0 18:29 2:03 0:28
Jonas Hoglund 0 0 0 0 0 1 0 0 0 0 0/0 7:20 0:39 0:00
Ladislav Smid 0 1 1 0 0 2 0 1 0 1 0/0 16:57 0:31 0:28
Marc Savard 1 1 2 2 0 5 0 1 0 1 19/32 21:41 3:19 0:00
Marek Svatos 0 1 1 2 0 7 1 1 3 0 1/3 22:59 3:20 1:12
Matt Carle 0 0 0 0 0 0 0 1 0 0 0/0 12:46 0:31 0:00
Patrick Sharp 1 0 1 2 0 3 1 0 0 1 2/6 23:46 3:19 2:00
Rene Bourque 1 0 1 -1 0 1 0 0 0 1 0/0 12:17 0:39 0:00
Torey Krug 0 1 1 1 0 1 0 0 0 0 0/0 23:42 2:03 1:31
Players Stats for Avalanche
Player Name G A P +/- PIM S H SB GA TA FO MP PP MP PK MP
------------------------------------------------------------------------------------
Alexander Radulov 0 0 0 -1 0 1 1 0 0 0 0/2 17:26 0:58 1:09
Andrei Kostitsyn 0 1 1 -1 0 5 1 0 0 0 0/0 17:44 1:25 0:57
Andrew Ladd 0 0 0 0 0 1 1 0 1 1 0/0 11:01 0:00 2:05
Brandon Yip 1 0 1 0 0 2 0 0 0 0 0/1 11:05 0:00 2:05
Bryan Little 1 0 1 0 0 3 1 0 2 0 12/24 18:14 1:25 0:00
Chuck Kobasew 0 0 0 0 0 2 1 0 0 0 0/0 12:49 0:00 3:59
Corey Perry 0 0 0 0 4 0 1 0 1 0 1/1 18:30 1:25 0:00
David Krejci 0 0 0 0 0 3 1 0 2 0 2/6 9:43 0:00 0:36
Jack Johnson 0 0 0 0 0 0 0 1 0 1 0/0 24:51 0:00 4:37
Jay Bouwmeester 0 0 0 -2 0 2 2 1 0 2 0/0 17:12 1:38 0:17
Johnny Boychuk 0 0 0 1 0 2 0 1 0 1 0/0 17:05 1:38 0:17
Marc Staal 1 0 1 0 0 3 1 0 0 0 0/0 25:36 0:45 4:37
Mike Comrie 0 1 1 0 0 1 0 1 0 1 6/15 12:57 0:00 4:01
Mikkel Boedker 0 2 2 0 2 0 1 0 0 1 0/1 17:56 0:58 0:00
Paul Stastny 1 2 3 -1 0 7 2 1 0 0 11/23 16:17 0:58 0:00
Pernell Karl Subban 0 1 1 1 0 0 0 1 0 0 0/0 17:57 0:45 2:32
Ryan Smyth 0 0 0 0 2 1 1 0 0 0 0/0 8:49 0:00 0:00
Shane O'Brien 0 0 0 -2 0 1 1 0 0 3 0/0 17:19 0:00 2:32
3 Stars
1 - Drew Miller (Mon)
2 - Marc Savard (Mon)
3 - Paul Stastny (Col)
Power Play
Canadiens - 2 on 4 Attempt(s) - 50,00%
Avalanche - 1 on 2 Attempt(s) - 50,00%
Penalty Kill
Canadiens - 1 on 2 Attempt(s) - 50,00%
- Score 0 goal in Penalty Kill
Avalanche - 2 on 4 Attempt(s) - 50,00%
- Score 0 goal in Penalty Kill
Team Stat
Canadiens - Hits : 12 - Faceoff Wins : 41 - Blocked Shots : 8 - Penalty Minutes : 4
Avalanche - Hits : 15 - Faceoff Wins : 32 - Blocked Shots : 6 - Penalty Minutes : 8
Official
Referees : Meier Brad and Devorski Paul
Linesman : Brian Mach and Scott Driscoll
Game Notes
Dan Ellis enters game at 1:29 of 2nd period
Drew Miller has scored a Hat Trick!
Finance
Level 1 -- Attendance: 5796 (96,60%) -- Ticket Income 486 864 $
Level 2 -- Attendance: 4697 (93,94%) -- Ticket Income 234 850 $
Level 3 -- Attendance: 1947 (97,35%) -- Ticket Income 54 516 $
Level 4 -- Attendance: 4000 (100,00%) -- Ticket Income 72 000 $
Luxury Box -- Attendance: 823 (82,30%) -- Ticket Income 137 441 $
Game was played at the Pepsi Center.
Total Attendance: 17263 (95,91%)
Total Ticket Income: 985 671 $
Other Income: 147 851 $
Total Income: 1 133 522 $
Canadiens
5 vs 5 Forward
Center Left Wing Right Wing Time % Phy DF OF
1 Marc Savard Patrick Sharp Marek Svatos 40 1 2 2
2 Brooks Laich Drew Miller Devin Setoguchi 30 1 2 2
3 Andrei Loktionov Greg Stewart Rene Bourque 20 1 2 2
4 Dustin Boyd Evgeny Dadonov Jonas Hoglund 10 1 2 2
5 vs 5 Defense
Defense Defense Time % Phy DF OF
1 Torey Krug Dennis Wideman 40 1 2 2
2 Ladislav Smid Jiri Fischer 30 1 2 2
3 Matt Carle Dan Boyle 20 1 2 2
4 Dan Boyle Dennis Wideman 10 1 2 2
PowerPlay Forward
Center Left Wing Right Wing Time % Phy DF OF
1 Marc Savard Patrick Sharp Marek Svatos 60 1 2 2
2 Brooks Laich Drew Miller Devin Setoguchi 40 1 2 2
PowerPlay Defense
Defense Defense Time % Phy DF OF
1 Dan Boyle Dennis Wideman 60 1 2 2
2 Torey Krug Jiri Fischer 40 1 2 2
Penalty Kill 4 Players Forward
Center Wing Time % Phy DF OF
1 Patrick Sharp Marek Svatos 60 1 2 2
2 Marc Savard Drew Miller 40 1 2 2
Penalty Kill 4 Players Defense
Defense Defense Time % Phy DF OF
1 Dan Boyle Dennis Wideman 60 1 2 2
2 Ladislav Smid Jiri Fischer 40 1 2 2
Penalty Kill - 3 Players Forward
Forward Time % Phy DF OF
1 Patrick Sharp 60 1 2 2
2 Marek Svatos 40 1 2 2
Penalty Kill - 3 Players Defense
Defense Defense Time % Phy DF OF
1 Dan Boyle Dennis Wideman 60 1 2 2
2 Ladislav Smid Jiri Fischer 40 1 2 2
4 vs 4 Forward
Center Wing Time % Phy DF OF
1 Patrick Sharp Marek Svatos 60 1 2 2
2 Marc Savard Drew Miller 40 1 2 2
4 vs 4 Defense
Defense Defense Time % Phy DF OF
1 Dan Boyle Dennis Wideman 60 1 2 2
2 Torey Krug Jiri Fischer 40 1 2 2
Last Minutes Offensive
Center Left Wing Right Wing Defense Defense
Marc Savard Patrick Sharp Marek Svatos Dan Boyle Dennis Wideman
Last Minutes Defensive
Center Left Wing Right Wing Defense Defense
Marc Savard Patrick Sharp Marek Svatos Dan Boyle Dennis Wideman
Goaltenders
Starting : Jonathan Bernier
Backup : Tobias Stephan
Extra Forwards
Normal : Greg Stewart, Rene Bourque, Jonas Hoglund - PP : Greg Stewart, Rene Bourque - PK : Jonas Hoglund
Extra Defensemen
Normal : Matt Carle, Torey Krug, Ladislav Smid - PP : Matt Carle - PK : Torey Krug, Ladislav Smid
Penalty Shots
Patrick Sharp, Marek Svatos, Marc Savard, Drew Miller, Devin Setoguchi
Avalanche
5 vs 5 Forward
Center Left Wing Right Wing Time % Phy DF OF
1 Bryan Little Mikkel Boedker Corey Perry 35 1 2 2
2 Paul Stastny Andrei Kostitsyn Alexander Radulov 35 1 2 2
3 Mike Comrie Andrew Ladd Brandon Yip 15 1 2 2
4 David Krejci Ryan Smyth Chuck Kobasew 15 1 2 2
5 vs 5 Defense
Defense Defense Time % Phy DF OF
1 Marc Staal Jack Johnson 40 1 2 2
2 Shane O'Brien Jay Bouwmeester 30 1 2 2
3 Pernell Karl Subban Johnny Boychuk 30 1 2 2
4 Marc Staal Jack Johnson 0 1 2 2
PowerPlay Forward
Center Left Wing Right Wing Time % Phy DF OF
1 Bryan Little Andrei Kostitsyn Corey Perry 60 1 2 2
2 Paul Stastny Mikkel Boedker Alexander Radulov 40 1 2 2
PowerPlay Defense
Defense Defense Time % Phy DF OF
1 Jay Bouwmeester Johnny Boychuk 60 1 2 2
2 Marc Staal Pernell Karl Subban 40 1 2 2
Penalty Kill 4 Players Forward
Center Wing Time % Phy DF OF
1 Mike Comrie Chuck Kobasew 60 1 2 2
2 Brandon Yip Andrew Ladd 40 1 2 2
Penalty Kill 4 Players Defense
Defense Defense Time % Phy DF OF
1 Marc Staal Jack Johnson 60 1 2 2
2 Pernell Karl Subban Shane O'Brien 40 1 2 2
Penalty Kill - 3 Players Forward
Forward Time % Phy DF OF
1 Mike Comrie 60 1 2 2
2 Chuck Kobasew 40 1 2 2
Penalty Kill - 3 Players Defense
Defense Defense Time % Phy DF OF
1 Pernell Karl Subban Marc Staal 60 1 2 2
2 Shane O'Brien Jack Johnson 40 1 2 2
4 vs 4 Forward
Center Wing Time % Phy DF OF
1 Corey Perry Andrei Kostitsyn 60 1 2 2
2 Mikkel Boedker Bryan Little 40 1 2 2
4 vs 4 Defense
Defense Defense Time % Phy DF OF
1 Marc Staal Jack Johnson 60 1 2 2
2 Shane O'Brien Jay Bouwmeester 40 1 2 2
Last Minutes Offensive
Center Left Wing Right Wing Defense Defense
Bryan Little Andrei Kostitsyn Corey Perry Marc Staal Jack Johnson
Last Minutes Defensive
Center Left Wing Right Wing Defense Defense
Mike Comrie Mikkel Boedker Chuck Kobasew Marc Staal Jack Johnson
Goaltenders
Starting : Semyon Varlamov
Backup : Dan Ellis
Extra Forwards
Normal : Corey Perry, Paul Stastny, Alexander Radulov - PP : Corey Perry, Paul Stastny - PK : Alexander Radulov
Extra Defensemen
Normal : Pernell Karl Subban, Marc Staal, Shane O'Brien - PP : Pernell Karl Subban - PK : Jack Johnson, Shane O'Brien
Penalty Shots
Corey Perry, Andrei Kostitsyn, Mikkel Boedker, Bryan Little, Mike Comrie
% Time on Ice - Canadiens
Lines # - Real PCT - Wanted PCT - Time Play
Normal Forward
1 - 37% - 40% - 18:49
2 - 27% - 30% - 13:40
3 - 23% - 20% - 11:23
4 - 13% - 10% - 6:19
Normal Defense
1 - 41% - 40% - 20:22
2 - 32% - 30% - 15:58
3 - 21% - 20% - 10:34
4 - 7% - 10% - 3:17
PP Forward
1 - 57% - 60% - 4:15
2 - 43% - 40% - 3:11
PP Defense
1 - 65% - 60% - 4:52
2 - 35% - 40% - 2:34
PK Forward
1 - 100% - 60% - 0:49
2 - 0% - 40% - 0:00
PK Defense
1 - 100% - 60% - 0:49
2 - 0% - 40% - 0:00
PK3 Forward
1 - 76% - 60% - 1:11
2 - 24% - 40% - 0:23
PK3 Defense
1 - 70% - 60% - 1:06
2 - 30% - 40% - 0:28
44 Forward
1 - 0% - 60%
2 - 0% - 40%
44 Defense
1 - 0% - 60%
2 - 0% - 40%
Last Minute Offensive - 0:00
Last Minute Defensive - 0:00
Total
Forward - 60:00
Defense - 60:00
|
% Time on Ice - Avalanche
Lines # - Real PCT - Wanted PCT - Time Play
Normal Forward
1 - 34% - 35% - 17:10
2 - 30% - 35% - 15:15
3 - 18% - 15% - 8:56
4 - 18% - 15% - 8:50
Normal Defense
1 - 41% - 40% - 20:44
2 - 29% - 30% - 14:47
3 - 29% - 30% - 14:40
4 - 0% - 0% - 0:00
PP Forward
1 - 59% - 60% - 1:25
2 - 41% - 40% - 0:58
PP Defense
1 - 69% - 60% - 1:38
2 - 31% - 40% - 0:45
PK Forward
1 - 72% - 60% - 5:21
2 - 28% - 40% - 2:05
PK Defense
1 - 66% - 60% - 4:54
2 - 34% - 40% - 2:32
PK3 Forward
1 - 0% - 60%
2 - 0% - 40%
PK3 Defense
1 - 0% - 60%
2 - 0% - 40%
44 Forward
1 - 0% - 60%
2 - 0% - 40%
44 Defense
1 - 0% - 60%
2 - 0% - 40%
Last Minute Offensive - 0:00
Last Minute Defensive - 0:00
Total
Forward - 60:00
Defense - 60:00
|
Play by Play
1st period
0:01 of 1st period - Marek Svatos wins face-off versus Bryan Little in neutral zone.
1:14 of 1st period - Snap shot by Dustin Boyd.
1:14 of 1st period - Shot Blocked by Johnny Boychuk.
1:16 of 1st period - Slapshot by Dennis Wideman.
1:16 of 1st period - Deflect By Jonas Hoglund.
1:16 of 1st period - Stopped by Semyon Varlamov with a rebound.
1:56 of 1st period - Slapshot by Drew Miller.
1:56 of 1st period - Shot Misses the Net.
1:58 of 1st period - Wrist shot by Ladislav Smid.
1:58 of 1st period - Deflect By Brooks Laich.
1:58 of 1st period - Shot Misses the Net.
1:58 of 1st period - Puck is out of play.
1:59 of 1st period - Andrei Loktionov wins face-off versus Mikkel Boedker in Avalanche zone.
2:24 of 1st period - Alexander Radulov is hit by Dan Boyle and loses puck.
2:31 of 1st period - Wrist shot by Marc Savard.
2:31 of 1st period - Goal by Marc Savard - Canadiens : 1 - Avalanche : 0.
2:32 of 1st period - Paul Stastny wins face-off versus Brooks Laich in neutral zone.
2:35 of 1st period - Snap shot by Paul Stastny.
2:35 of 1st period - Shot Blocked by Brooks Laich.
2:37 of 1st period - Snap shot by Marc Staal.
2:37 of 1st period - Shot Misses the Net.
2:39 of 1st period - Slapshot by Marc Staal.
2:39 of 1st period - Stopped by Jonathan Bernier without a rebound.
2:40 of 1st period - Brooks Laich wins face-off versus Paul Stastny in Canadiens zone.
3:55 of 1st period - Snap shot by Ryan Smyth.
3:55 of 1st period - Shot Misses the Net.
3:57 of 1st period - Slapshot by Chuck Kobasew.
3:57 of 1st period - Stopped by Jonathan Bernier with a rebound.
5:51 of 1st period - Wrist shot by Jonas Hoglund.
5:51 of 1st period - Shot Blocked by Mike Comrie.
5:53 of 1st period - Slapshot by Dennis Wideman.
5:53 of 1st period - Stopped by Semyon Varlamov without a rebound.
5:54 of 1st period - Paul Stastny wins face-off versus Marc Savard in Avalanche zone.
6:03 of 1st period - Snap shot by Paul Stastny.
6:03 of 1st period - Stopped by Jonathan Bernier with a rebound.
6:05 of 1st period - Slapshot by Marc Staal.
6:05 of 1st period - Stopped by Jonathan Bernier with a rebound.
6:07 of 1st period - Slapshot by Paul Stastny.
6:07 of 1st period - Stopped by Jonathan Bernier without a rebound.
6:08 of 1st period - Bryan Little wins face-off versus Marc Savard in Canadiens zone.
6:15 of 1st period - Jack Johnson is hit by Marek Svatos and loses puck.
6:34 of 1st period - Brooks Laich is hit by Andrei Kostitsyn and loses puck.
7:20 of 1st period - Icing by Marek Svatos.
7:21 of 1st period - Marc Savard wins face-off versus Bryan Little in Canadiens zone.
7:21 of 1st period - Marc Savard is hit by Mikkel Boedker.
8:07 of 1st period - Slapshot by Patrick Sharp.
8:07 of 1st period - Shot Misses the Net.
8:33 of 1st period - Backhand shot by Marek Svatos.
8:33 of 1st period - Stopped by Semyon Varlamov with a rebound.
8:35 of 1st period - Snap shot by Marek Svatos.
8:35 of 1st period - Stopped by Semyon Varlamov with a rebound.
8:39 of 1st period - Snap shot by Patrick Sharp.
8:39 of 1st period - Shot Misses the Net.
8:41 of 1st period - Slapshot by Patrick Sharp.
8:41 of 1st period - Stopped by Semyon Varlamov without a rebound.
8:42 of 1st period - Brooks Laich wins face-off versus Alexander Radulov in Avalanche zone.
8:51 of 1st period - Snap shot by Andrei Kostitsyn.
8:51 of 1st period - Stopped by Jonathan Bernier without a rebound.
8:52 of 1st period - Brooks Laich wins face-off versus Paul Stastny in Canadiens zone.
8:59 of 1st period - Wrist shot by Drew Miller.
8:59 of 1st period - Shot Misses the Net.
9:40 of 1st period - Off-side.
9:41 of 1st period - David Krejci wins face-off versus Andrei Loktionov in neutral zone.
9:48 of 1st period - Slapshot by David Krejci.
9:48 of 1st period - Deflect By Chuck Kobasew.
9:48 of 1st period - Shot Blocked by Ladislav Smid.
9:48 of 1st period - Puck is out of play.
9:49 of 1st period - Andrei Loktionov wins face-off versus David Krejci in Canadiens zone.
10:20 of 1st period - Slapshot by Johnny Boychuk.
10:20 of 1st period - Shot Misses the Net.
10:22 of 1st period - Slapshot by Johnny Boychuk.
10:22 of 1st period - Stopped by Jonathan Bernier with a rebound.
10:24 of 1st period - Slapshot by Pernell Karl Subban.
10:24 of 1st period - Shot Blocked by Jiri Fischer.
10:56 of 1st period - Wrist shot by Brooks Laich.
10:56 of 1st period - Stopped by Semyon Varlamov with a rebound.
10:58 of 1st period - Slapshot by Ladislav Smid.
10:58 of 1st period - Stopped by Semyon Varlamov with a rebound.
11:00 of 1st period - Snap shot by Jiri Fischer.
11:00 of 1st period - Deflect By Marc Staal.
11:00 of 1st period - Stopped by Semyon Varlamov without a rebound.
11:01 of 1st period - Brooks Laich wins face-off versus Paul Stastny in Avalanche zone.
11:10 of 1st period - Drew Miller is hit by Paul Stastny and loses puck.
11:35 of 1st period - Snap shot by Brooks Laich.
11:35 of 1st period - Stopped by Semyon Varlamov without a rebound.
11:36 of 1st period - Mike Comrie wins face-off versus Patrick Sharp in Avalanche zone.
11:51 of 1st period - Slapshot by Mike Comrie.
11:51 of 1st period - Stopped by Jonathan Bernier without a rebound.
11:52 of 1st period - Andrei Loktionov wins face-off versus Bryan Little in Canadiens zone.
12:36 of 1st period - Snap shot by Bryan Little.
12:36 of 1st period - Stopped by Jonathan Bernier without a rebound.
12:37 of 1st period - Marc Savard wins face-off versus Paul Stastny in Canadiens zone.
12:48 of 1st period - Wrist shot by Andrei Kostitsyn.
12:48 of 1st period - Stopped by Jonathan Bernier with a rebound.
12:50 of 1st period - Slapshot by Paul Stastny.
12:50 of 1st period - Deflect By Andrei Kostitsyn.
12:50 of 1st period - Stopped by Jonathan Bernier without a rebound.
12:51 of 1st period - Marc Savard wins face-off versus David Krejci in Canadiens zone.
12:56 of 1st period - Wrist shot by Marek Svatos.
12:56 of 1st period - Shot Misses the Net.
13:31 of 1st period - Snap shot by Paul Stastny.
13:31 of 1st period - Stopped by Jonathan Bernier with a rebound.
13:43 of 1st period - Snap shot by Drew Miller.
13:43 of 1st period - Stopped by Semyon Varlamov with a rebound.
14:48 of 1st period - Wrist shot by Andrei Loktionov.
14:48 of 1st period - Shot Misses the Net.
14:52 of 1st period - Wrist shot by Greg Stewart.
14:52 of 1st period - Stopped by Semyon Varlamov with a rebound.
14:54 of 1st period - Slapshot by Torey Krug.
14:54 of 1st period - Deflect By Rene Bourque.
14:54 of 1st period - Goal by Rene Bourque - Canadiens : 2 - Avalanche : 0.
14:55 of 1st period - Paul Stastny wins face-off versus Marc Savard in neutral zone.
15:06 of 1st period - Slapshot by Paul Stastny.
15:06 of 1st period - Shot Blocked by Marek Svatos.
15:08 of 1st period - Slapshot by Shane O'Brien.
15:08 of 1st period - Stopped by Jonathan Bernier without a rebound.
15:09 of 1st period - Paul Stastny wins face-off versus Brooks Laich in Canadiens zone.
15:34 of 1st period - Marek Svatos is hit by Bryan Little and loses puck.
15:45 of 1st period - Snap shot by Corey Perry.
15:45 of 1st period - Shot Blocked by Dennis Wideman.
16:37 of 1st period - Paul Stastny is hit by Devin Setoguchi and loses puck.
17:10 of 1st period - Snap shot by Brandon Yip.
17:10 of 1st period - Stopped by Jonathan Bernier with a rebound.
17:28 of 1st period - Snap shot by Johnny Boychuk.
17:28 of 1st period - Stopped by Jonathan Bernier with a rebound.
17:56 of 1st period - Snap shot by Andrei Kostitsyn.
17:56 of 1st period - Shot Blocked by Drew Miller.
18:28 of 1st period - Snap shot by Devin Setoguchi.
18:28 of 1st period - Deflect By Drew Miller.
18:28 of 1st period - Shot Misses the Net.
18:28 of 1st period - Puck is out of play.
18:29 of 1st period - Bryan Little wins face-off versus Marc Savard in Avalanche zone.
18:50 of 1st period - Shane O'Brien is hit by Jiri Fischer and loses puck.
19:00 of 1st period - Off-side.
19:01 of 1st period - Paul Stastny wins face-off versus Andrei Loktionov in neutral zone.
19:03 of 1st period - Off-side.
19:04 of 1st period - Andrei Loktionov wins face-off versus Paul Stastny in neutral zone.
19:33 of 1st period - Minor Penalty to Ryan Smyth for Interference.
19:34 of 1st period - Mike Comrie wins face-off versus Marc Savard in Avalanche zone.
Goals for this period are 2 for Canadiens vs 0 for Avalanche.
Shots for this period are 13 for Canadiens vs 15 for Avalanche.
2nd period
0:01 of 2nd period - Marc Savard wins face-off versus Mike Comrie in neutral zone.
0:34 of 2nd period - Marc Staal is hit by Devin Setoguchi and loses puck.
1:09 of 2nd period - Icing by Drew Miller.
1:10 of 2nd period - Brooks Laich wins face-off versus Alexander Radulov in Canadiens zone.
1:15 of 2nd period - Slapshot by Drew Miller.
1:15 of 2nd period - Goal by Drew Miller - Canadiens : 3 - Avalanche : 0.
1:16 of 2nd period - Marc Savard wins face-off versus Paul Stastny in neutral zone.
1:27 of 2nd period - Snap shot by Marc Savard.
1:27 of 2nd period - Stopped by Semyon Varlamov without a rebound.
1:28 of 2nd period - Marc Savard wins face-off versus Bryan Little in Avalanche zone.
1:29 of 2nd period - Snap shot by Patrick Sharp.
1:29 of 2nd period - Goal by Patrick Sharp - Canadiens : 4 - Avalanche : 0.
1:29 of 2nd period - Dan Ellis enters game.
1:30 of 2nd period - Marc Savard wins face-off versus Bryan Little in neutral zone.
1:57 of 2nd period - Marc Savard is hit by David Krejci and loses puck.
2:06 of 2nd period - Backhand shot by David Krejci.
2:06 of 2nd period - Stopped by Jonathan Bernier with a rebound.
2:08 of 2nd period - Snap shot by Chuck Kobasew.
2:08 of 2nd period - Shot Hit the Post.
2:10 of 2nd period - Wrist shot by Chuck Kobasew.
2:10 of 2nd period - Shot Misses the Net.
3:49 of 2nd period - Snap shot by Brooks Laich.
3:49 of 2nd period - Stopped by Dan Ellis without a rebound.
3:50 of 2nd period - Bryan Little wins face-off versus Marc Savard in Avalanche zone.
3:52 of 2nd period - Minor Penalty to Mikkel Boedker for Hooking.
3:53 of 2nd period - Marc Savard wins face-off versus Mike Comrie in Avalanche zone.
3:59 of 2nd period - Snap shot by Marc Savard.
3:59 of 2nd period - Shot Misses the Net.
4:01 of 2nd period - Snap shot by Marek Svatos.
4:01 of 2nd period - Deflect By Patrick Sharp.
4:01 of 2nd period - Shot Misses the Net.
4:01 of 2nd period - Puck is out of play.
4:02 of 2nd period - Marc Savard wins face-off versus Mike Comrie in Avalanche zone.
4:25 of 2nd period - Icing by Patrick Sharp.
4:26 of 2nd period - Mike Comrie wins face-off versus Brooks Laich in Canadiens zone.
4:55 of 2nd period - Icing by Marek Svatos.
4:56 of 2nd period - Marc Savard wins face-off versus Brandon Yip in Canadiens zone.
5:11 of 2nd period - Snap shot by Patrick Sharp.
5:11 of 2nd period - Shot Blocked by Pernell Karl Subban.
5:13 of 2nd period - Wrist shot by Marc Savard.
5:13 of 2nd period - Stopped by Dan Ellis without a rebound.
5:14 of 2nd period - Devin Setoguchi wins face-off versus Mike Comrie in Avalanche zone.
5:21 of 2nd period - Slapshot by Devin Setoguchi.
5:21 of 2nd period - Shot Blocked by Jack Johnson.
5:23 of 2nd period - Slapshot by Dennis Wideman.
5:23 of 2nd period - Stopped by Dan Ellis without a rebound.
5:24 of 2nd period - Brooks Laich wins face-off versus Mike Comrie in Avalanche zone.
5:37 of 2nd period - Snap shot by Drew Miller.
5:37 of 2nd period - Goal by Drew Miller - Canadiens : 5 - Avalanche : 0.
5:38 of 2nd period - Paul Stastny wins face-off versus Marek Svatos in neutral zone.
5:51 of 2nd period - Patrick Sharp is hit by Alexander Radulov and loses puck.
6:00 of 2nd period - Paul Stastny is hit by Patrick Sharp and loses puck.
6:07 of 2nd period - Snap shot by Marek Svatos.
6:07 of 2nd period - Deflect By Andrei Kostitsyn.
6:07 of 2nd period - Stopped by Dan Ellis without a rebound.
6:08 of 2nd period - Bryan Little wins face-off versus Brooks Laich in Avalanche zone.
6:31 of 2nd period - Double Minor Penalty to Corey Perry for High sticking.
6:32 of 2nd period - Mike Comrie wins face-off versus Marc Savard in Avalanche zone.
7:03 of 2nd period - Brandon Yip is hit by Devin Setoguchi.
7:58 of 2nd period - Jiri Fischer is hit by Andrew Ladd and loses puck.
9:19 of 2nd period - Slapshot by Jack Johnson.
9:19 of 2nd period - Shot Blocked by Marc Savard.
10:31 of 2nd period - Penalty to Corey Perry is over, Corey Perry is back on ice.
10:55 of 2nd period - Slapshot by Jay Bouwmeester.
10:55 of 2nd period - Stopped by Jonathan Bernier without a rebound.
10:56 of 2nd period - Andrei Loktionov wins face-off versus Bryan Little in Canadiens zone.
11:44 of 2nd period - Off-side.
11:45 of 2nd period - Andrei Loktionov wins face-off versus David Krejci in neutral zone.
11:56 of 2nd period - Snap shot by Greg Stewart.
11:56 of 2nd period - Stopped by Dan Ellis without a rebound.
11:57 of 2nd period - Paul Stastny wins face-off versus Marc Savard in Avalanche zone.
12:43 of 2nd period - Andrew Ladd is hit by Drew Miller and loses puck.
12:56 of 2nd period - Snap shot by Drew Miller.
12:56 of 2nd period - Shot Misses the Net.
13:12 of 2nd period - Wrist shot by Paul Stastny.
13:12 of 2nd period - Shot Misses the Net.
13:14 of 2nd period - Snap shot by Paul Stastny.
13:14 of 2nd period - Goal by Paul Stastny - Canadiens : 5 - Avalanche : 1.
13:15 of 2nd period - Marc Savard wins face-off versus Paul Stastny in neutral zone.
13:41 of 2nd period - Dennis Wideman is hit by Ryan Smyth and loses puck.
13:46 of 2nd period - Wrist shot by David Krejci.
13:46 of 2nd period - Stopped by Jonathan Bernier without a rebound.
13:47 of 2nd period - David Krejci wins face-off versus Brooks Laich in Canadiens zone.
13:54 of 2nd period - Drew Miller is hit by Shane O'Brien and loses puck.
14:09 of 2nd period - Ladislav Smid is hit by Jay Bouwmeester.
14:23 of 2nd period - Snap shot by Ryan Smyth.
14:23 of 2nd period - Stopped by Jonathan Bernier without a rebound.
14:24 of 2nd period - Marc Savard wins face-off versus Bryan Little in Canadiens zone.
14:54 of 2nd period - Snap shot by Andrei Kostitsyn.
14:54 of 2nd period - Shot Misses the Net.
14:56 of 2nd period - Snap shot by Paul Stastny.
14:56 of 2nd period - Stopped by Jonathan Bernier with a rebound.
14:58 of 2nd period - Slapshot by Marc Staal.
14:58 of 2nd period - Shot Misses the Net.
15:00 of 2nd period - Snap shot by Andrei Kostitsyn.
15:00 of 2nd period - Shot Misses the Net.
15:02 of 2nd period - Slapshot by Alexander Radulov.
15:02 of 2nd period - Shot Misses the Net.
15:14 of 2nd period - Wrist shot by Brandon Yip.
15:14 of 2nd period - Goal by Brandon Yip - Canadiens : 5 - Avalanche : 2.
15:15 of 2nd period - Paul Stastny wins face-off versus Marc Savard in neutral zone.
15:18 of 2nd period - Marc Savard is hit by Paul Stastny and loses puck.
15:42 of 2nd period - Corey Perry is hit by Devin Setoguchi and loses puck.
16:27 of 2nd period - Wrist shot by Marc Savard.
16:27 of 2nd period - Shot Misses the Net.
18:17 of 2nd period - Wrist shot by Andrei Kostitsyn.
18:17 of 2nd period - Stopped by Jonathan Bernier with a rebound.
18:19 of 2nd period - Slapshot by Alexander Radulov.
18:19 of 2nd period - Stopped by Jonathan Bernier with a rebound.
18:21 of 2nd period - Snap shot by Andrei Kostitsyn.
18:21 of 2nd period - Stopped by Jonathan Bernier with a rebound.
18:53 of 2nd period - Rene Bourque is hit by Chuck Kobasew and loses puck.
19:29 of 2nd period - Off-side.
19:30 of 2nd period - Marc Savard wins face-off versus Bryan Little in neutral zone.
19:46 of 2nd period - Snap shot by Corey Perry.
19:46 of 2nd period - Shot Misses the Net.
Goals for this period are 3 for Canadiens vs 2 for Avalanche.
Shots for this period are 9 for Canadiens vs 10 for Avalanche.
3rd period
0:01 of 3rd period - Marc Savard wins face-off versus Paul Stastny in neutral zone.
0:06 of 3rd period - Wrist shot by Marek Svatos.
0:06 of 3rd period - Stopped by Dan Ellis with a rebound.
0:08 of 3rd period - Backhand shot by Torey Krug.
0:08 of 3rd period - Shot Misses the Net.
0:10 of 3rd period - Wrist shot by Marek Svatos.
0:10 of 3rd period - Stopped by Dan Ellis without a rebound.
0:11 of 3rd period - Patrick Sharp wins face-off versus Paul Stastny in Avalanche zone.
0:12 of 3rd period - Slapshot by Marek Svatos.
0:12 of 3rd period - Shot Misses the Net.
0:14 of 3rd period - Slapshot by Torey Krug.
0:14 of 3rd period - Shot Blocked by Paul Stastny.
0:16 of 3rd period - Wrist shot by Marc Savard.
0:16 of 3rd period - Stopped by Dan Ellis without a rebound.
0:17 of 3rd period - Marc Savard wins face-off versus Paul Stastny in Avalanche zone.
0:28 of 3rd period - Snap shot by Marek Svatos.
0:28 of 3rd period - Stopped by Dan Ellis with a rebound.
0:30 of 3rd period - Slapshot by Marc Savard.
0:30 of 3rd period - Shot Misses the Net.
0:32 of 3rd period - Slapshot by Marek Svatos.
0:32 of 3rd period - Stopped by Dan Ellis with a rebound.
0:34 of 3rd period - Snap shot by Patrick Sharp.
0:34 of 3rd period - Stopped by Dan Ellis with a rebound.
1:06 of 3rd period - Jack Johnson is hit by Evgeny Dadonov and loses puck.
1:37 of 3rd period - Snap shot by Mikkel Boedker.
1:37 of 3rd period - Shot Misses the Net.
1:39 of 3rd period - Snap shot by Bryan Little.
1:39 of 3rd period - Goal by Bryan Little - Canadiens : 5 - Avalanche : 3.
1:40 of 3rd period - Marc Savard wins face-off versus Bryan Little in neutral zone.
2:12 of 3rd period - Slapshot by David Krejci.
2:12 of 3rd period - Shot Misses the Net.
2:14 of 3rd period - Snap shot by Jay Bouwmeester.
2:14 of 3rd period - Deflect By Brooks Laich.
2:14 of 3rd period - Stopped by Jonathan Bernier without a rebound.
2:15 of 3rd period - Mike Comrie wins face-off versus Brooks Laich in Canadiens zone.
2:16 of 3rd period - Snap shot by Andrew Ladd.
2:16 of 3rd period - Shot Misses the Net.
2:18 of 3rd period - Minor Penalty to Drew Miller for Hooking.
2:19 of 3rd period - Patrick Sharp wins face-off versus Bryan Little in Canadiens zone.
2:30 of 3rd period - Slapshot by Bryan Little.
2:30 of 3rd period - Shot Misses the Net.
2:42 of 3rd period - Minor Penalty to Dan Boyle for Roughing.
2:43 of 3rd period - Bryan Little wins face-off versus Patrick Sharp in Canadiens zone.
3:30 of 3rd period - Slapshot by Torey Krug.
3:30 of 3rd period - Stopped by Dan Ellis without a rebound.
3:31 of 3rd period - Bryan Little wins face-off versus Marek Svatos in Avalanche zone.
3:54 of 3rd period - Wrist shot by Alexander Radulov.
3:54 of 3rd period - Shot Misses the Net.
3:56 of 3rd period - Snap shot by Paul Stastny.
3:56 of 3rd period - Shot Misses the Net.
3:58 of 3rd period - Wrist shot by Paul Stastny.
3:58 of 3rd period - Stopped by Jonathan Bernier without a rebound.
3:59 of 3rd period - Paul Stastny wins face-off versus Patrick Sharp in Canadiens zone.
4:14 of 3rd period - Wrist shot by Paul Stastny.
4:14 of 3rd period - Stopped by Jonathan Bernier with a rebound.
4:16 of 3rd period - Slapshot by Marc Staal.
4:16 of 3rd period - Goal by Marc Staal - Canadiens : 5 - Avalanche : 4.
4:17 of 3rd period - Bryan Little wins face-off versus Patrick Sharp in neutral zone.
4:42 of 3rd period - Penalty to Dan Boyle is over, Dan Boyle is back on ice.
4:46 of 3rd period - Snap shot by Patrick Sharp.
4:46 of 3rd period - Deflect By Dan Boyle.
4:46 of 3rd period - Shot Misses the Net.
4:46 of 3rd period - Puck is out of play.
4:47 of 3rd period - Paul Stastny wins face-off versus Brooks Laich in Avalanche zone.
4:51 of 3rd period - Off-side.
4:52 of 3rd period - Corey Perry wins face-off versus Brooks Laich in neutral zone.
5:19 of 3rd period - Slapshot by Ladislav Smid.
5:19 of 3rd period - Stopped by Dan Ellis without a rebound.
5:20 of 3rd period - Andrei Loktionov wins face-off versus Paul Stastny in Avalanche zone.
6:05 of 3rd period - Icing by Shane O'Brien.
6:06 of 3rd period - Drew Miller wins face-off versus Mike Comrie in Avalanche zone.
6:15 of 3rd period - Snap shot by Devin Setoguchi.
6:15 of 3rd period - Stopped by Dan Ellis without a rebound.
6:16 of 3rd period - Marc Savard wins face-off versus Bryan Little in Avalanche zone.
6:24 of 3rd period - Off-side.
6:25 of 3rd period - Bryan Little wins face-off versus Marc Savard in neutral zone.
6:32 of 3rd period - Slapshot by Bryan Little.
6:32 of 3rd period - Stopped by Jonathan Bernier without a rebound.
6:33 of 3rd period - Bryan Little wins face-off versus Marc Savard in Canadiens zone.
7:00 of 3rd period - Slapshot by Dennis Wideman.
7:00 of 3rd period - Deflect By Johnny Boychuk.
7:00 of 3rd period - Stopped by Dan Ellis with a rebound.
7:05 of 3rd period - Off-side.
7:06 of 3rd period - Drew Miller wins face-off versus Paul Stastny in neutral zone.
7:58 of 3rd period - Dennis Wideman is hit by Jay Bouwmeester and loses puck.
8:03 of 3rd period - Slapshot by David Krejci.
8:03 of 3rd period - Stopped by Jonathan Bernier with a rebound.
8:41 of 3rd period - Snap shot by Andrew Ladd.
8:41 of 3rd period - Stopped by Jonathan Bernier without a rebound.
8:42 of 3rd period - Brooks Laich wins face-off versus Mike Comrie in Canadiens zone.
10:07 of 3rd period - Slapshot by Drew Miller.
10:07 of 3rd period - Goal by Drew Miller - Canadiens : 6 - Avalanche : 4.
10:08 of 3rd period - Bryan Little wins face-off versus Marc Savard in neutral zone.
10:14 of 3rd period - Icing by Patrick Sharp.
10:15 of 3rd period - Marc Savard wins face-off versus Bryan Little in Canadiens zone.
10:38 of 3rd period - Snap shot by Mikkel Boedker.
10:38 of 3rd period - Deflect By Corey Perry.
10:38 of 3rd period - Shot Misses the Net.
10:38 of 3rd period - Puck is out of play.
10:39 of 3rd period - Paul Stastny wins face-off versus Brooks Laich in Canadiens zone.
10:46 of 3rd period - Wrist shot by Paul Stastny.
10:46 of 3rd period - Shot Misses the Net.
10:48 of 3rd period - Snap shot by Pernell Karl Subban.
10:48 of 3rd period - Shot Blocked by Matt Carle.
11:04 of 3rd period - Pernell Karl Subban is hit by Dan Boyle and loses puck.
12:16 of 3rd period - Wrist shot by Devin Setoguchi.
12:16 of 3rd period - Stopped by Dan Ellis with a rebound.
12:47 of 3rd period - Icing by Torey Krug.
12:48 of 3rd period - Bryan Little wins face-off versus Marc Savard in Canadiens zone.
12:59 of 3rd period - Torey Krug is hit by Corey Perry and loses puck.
15:08 of 3rd period - Snap shot by Chuck Kobasew.
15:08 of 3rd period - Stopped by Jonathan Bernier without a rebound.
15:09 of 3rd period - Andrei Loktionov wins face-off versus David Krejci in Canadiens zone.
15:34 of 3rd period - Marc Savard is hit by Marc Staal and loses puck.
15:41 of 3rd period - Wrist shot by Patrick Sharp.
15:41 of 3rd period - Deflect By Marek Svatos.
15:41 of 3rd period - Shot Misses the Net.
15:41 of 3rd period - Puck is out of play.
15:42 of 3rd period - Bryan Little wins face-off versus Andrei Loktionov in Avalanche zone.
16:19 of 3rd period - Wrist shot by Marc Savard.
16:19 of 3rd period - Stopped by Dan Ellis without a rebound.
16:20 of 3rd period - Marc Savard wins face-off versus Mike Comrie in Avalanche zone.
17:08 of 3rd period - Snap shot by Devin Setoguchi.
17:08 of 3rd period - Shot Misses the Net.
17:14 of 3rd period - Wrist shot by Devin Setoguchi.
17:14 of 3rd period - Shot Misses the Net.
17:16 of 3rd period - Snap shot by Ladislav Smid.
17:16 of 3rd period - Shot Blocked by Jay Bouwmeester.
17:18 of 3rd period - Slapshot by Devin Setoguchi.
17:18 of 3rd period - Stopped by Dan Ellis without a rebound.
17:19 of 3rd period - Mike Comrie wins face-off versus Andrei Loktionov in Avalanche zone.
17:44 of 3rd period - Chuck Kobasew is hit by Dennis Wideman.
18:44 of 3rd period - Icing by Mikkel Boedker.
18:45 of 3rd period - Andrei Loktionov wins face-off versus Mike Comrie in Avalanche zone.
18:48 of 3rd period - Slapshot by Andrei Loktionov.
18:48 of 3rd period - Shot Misses the Net.
Goals for this period are 1 for Canadiens vs 2 for Avalanche.
Shots for this period are 14 for Canadiens vs 9 for Avalanche.
Back to the Top